 Dungeon Crawl Stone Soup version 0.26.1-11-gd32895ea62 (webtiles) character file.

Game seed: 4801904786176978209

110 H0rd4k the Insei (level 4, 0/28 HPs)
             Began as an Octopode Transmuter on May 26, 2021.
             Succumbed to an orc's poison
             ... on level 2 of the Dungeon.
             The game lasted 00:01:50 (1847 turns).

H0rd4k the Insei (Octopode Transmuter)              Turns: 1847, Time: 00:01:50

Health: 0/28       AC:  1    Str:  9    XL:     4   Next: 91%
Magic:  4/7        EV: 13    Int: 16    God:
Gold:   0          SH:  0    Dex: 12    Spells: 3/7 levels left

rFire    . . .     SeeInvis .     - Unarmed
rCold    . . .     Faith    .   (no shield)
rNeg     . . .     Spirit   .   (helmet restricted)
rPois    .         Reflect  .   (no amulet)
rElec    .         Harm     .   (no ring)
rCorr    .         Rampage  .   (no ring)
Will     .....                  (no ring)
Stlth    ++........             (no ring)
HPRegen  0.09/turn              (no ring)
MPRegen  0.10/turn              (no ring)
                                (no ring)
                                (no ring)

@: lethally poisoned (0 -> -11), very slightly contaminated
A: almost no armour, stealthy swim, amphibious, 8 rings, constrict 8, camouflage
1, gelatinous body 1
a: no special abilities


You were on level 2 of the Dungeon.
You visited 1 branch of the dungeon, and saw 2 of its levels.

Inventory:

Missiles
 e - 14 poisoned darts (quivered)
Scrolls
 b - a scroll of identify {unknown}
 d - 2 scrolls of remove curse {unknown}
 g - a scroll of fog {unknown}
Potions
 a - a potion of magic {unknown}
 c - a potion of ambrosia {unknown}
 f - a potion of curing {unknown}


   Skills:
 + Level 1.0 Fighting
 + Level 2.3 Dodging
 + Level 4.3 Unarmed Combat
 * Level 2.4 Spellcasting
 * Level 2.2 Transmutations
 * Level 2.2 Poison Magic


You had 3 spell levels left.
You knew the following spells:

 Your Spells              Type           Power        Failure   Level
a - Beastly Appendage     Tmut           18%          9%          1
b - Spider Form           Tmut/Pois      4%           24%         3

Your spell library contained the following spells:

 Spells                   Type           Power        Failure   Level
 Wereblood                Tmut           9%           12%         2
 Ice Form                 Ice/Tmut       5%           77%         4
 Blade Hands              Tmut           4%           92%         5


Dungeon Overview and Level Annotations

Branches:
Dungeon (2/15)

Altars:


Innate Abilities, Weirdness & Mutations

You cannot wear most types of armour.
You are very stealthy in the water. (Stealth+)
You are amphibious.
You can wear up to eight rings at the same time.
You can use your tentacles to constrict eight enemies at once.
Your skin changes colour to match your surroundings (Stealth+).
Your rubbery body absorbs attacks. (AC +1, EV +1)


Message History

You are very lightly contaminated with residual magic.
Nothing appears to happen.
The orc wizard hits you with a cursed -1 dagger.
You tentacle-slap the orc wizard. You grab the orc wizard.
You squeeze the orc wizard!
The orc wizard is severely wounded.
You constrict the orc wizard, but do no damage.
The orc wizard mumbles some strange words.
The orc wizard blinks free!
You completely miss the orc. Your grab misses the orc.
The orc hits you with a +2 dagger of venom!
* * * LOW HITPOINT WARNING * * *
You are lethally poisoned!
A goblin comes into view.
* * * LOW HITPOINT WARNING * * *
You feel sick.
The goblin shouts!
A goblin comes into view.
The goblin moves out of view.
You die...

... .... ..... ......
......### .........
......#.###.#.##
.....g'.@....... #..$.
....g#.######..
###....##### #o#
........# ###ยง######
........# #........#
........#####..o.....##..
........##...........# ..
........##...........#
..# #.).##.......##### ..


You could see an orc wizard, an orc and 2 goblins.

Vanquished Creatures
  3 adders (D:2)
  5 gnolls
  An ooze (D:1)
  A dart slug (D:1)
  2 orcs (D:2)
  A ball python (D:2)
  2 bats (D:2)
  2 giant cockroaches (D:2)
  3 goblins
  4 jackals (D:2)
  A kobold (D:2)
  A quokka (D:2)
  2 frilled lizards
  A rat (D:2)
29 creatures vanquished.

Notes
Turn   | Place    | Note
-------+----------+-------------------------------------------
     0 | D:1      | H0rd4k the Octopode Transmuter began the quest for the Orb.
     0 | D:1      | Reached XP level 1. HP: 13/13 MP: 3/3
   567 | D:1      | Reached XP level 2. HP: 3/18 MP: 5/5
  1108 | D:2      | Reached XP level 3. HP: 17/23 MP: 6/6
  1119 | D:2      | Reached skill level 4 in Unarmed Combat
  1127 | D:2      | Learned a level 3 spell: Spider Form
  1332 | D:2      | Reached XP level 4. HP: 28/28 MP: 7/7
  1340 | D:2      | Reached skill level 1 in Poison Magic
  1846 | D:2      | HP: 1/28 [poisoned by an orc]
  1847 | D:2      | Succumbed to an orc's poison

Illustrated notes

Levels and vault maps discovered:
D:1:      nicolae_arrival_memento_mori, layout_loops_ring
D:2:      layout_basic, chequers_temple_overflow_minitemple

Skill      XL: |  1  2  3  4 |
---------------+-------------+-----
Unarmed Combat | 4 |  4.3
Poison Magic   | 2 |  2.2
Fighting       | |  1.0
Dodging        | |  2.3
Spellcasting   | |  2.4
Transmutations | |  2.2

Action                   |  1- 3 |  4- 6 || total
-------------------------+-------+-------++-------
Melee: Unarmed           |    46 |    32 ||    78
       Constrict         |    14 |     7 ||    21
       Tentacles         |     8 |     3 ||    11
       Punch             |     1 |     1 ||     2
 Stab: Sleeping          |     3 |       ||     3
Armor: Skin              |     1 |     2 ||     3
Dodge: Dodged            |    23 |    13 ||    36
